 Dungeon Crawl Stone Soup version 0.31-a0-473-g61b50ae490 (webtiles) character file.

Game seed: 9556372754284795394

2543 mandarbmax the Skirmisher (level 9, -4/63 HPs)
             Began as a Barachi Hunter on Aug 7, 2023.
             Was a Believer of Hepliaklqana.
             Slain by a hornet (11 damage)
             ... on level 8 of the Dungeon.
             The game lasted 00:11:53 (7296 turns).

mandarbmax the Skirmisher (Barachi Hunter)          Turns: 7296, Time: 00:11:53

Health: -4/63      AC:  7    Str: 12    XL:     9   Next: 55%
Magic:  9/9        EV: 12    Int: 11    God:    Hepliaklqana [**....]
Gold:   359        SH:  0    Dex: 19    Spells: 8/8 levels left

rFire   . . .        A - +0 orcbow
rCold   . . .        (shield currently unavailable)
rNeg    . . .        a - +0 steam dragon scales
rPois   .            l - +0 helmet
rElec   .            (no cloak)
rCorr   .            (no gloves)
SInv    .            d - +0 pair of boots
Will    .....        (no amulet)
Stlth   ++           (no ring)
HPRegen 0.30/turn    (no ring)
MPRegen 0.11/turn

%: no passive effects
@: slowed, very slow
A: reduced essence, amphibious, slowness 1, strong legs 1, +LOS
a: Hop, Renounce Religion, Recall Ancestor, Ancestor Identity


You were on level 8 of the Dungeon.
You worshipped Hepliaklqana.
Hepliaklqana was pleased with you.
You visited 2 branches of the dungeon, and saw 9 of its levels.

You collected 359 gold pieces.

Inventory:

Hand Weapons
 A - a +0 orcbow (weapon)
Armour
 a - +0 steam dragon scales (worn)
 d - a +0 pair of boots (worn)
 k - the +1 ring mail "Wielejaz" {rElec rC- Stlth+}
   (You found it on level 2 of the Dungeon)

   rC:        It makes you vulnerable to cold.
   rElec:     It insulates you from electricity.
   Stlth:     It makes you more stealthy.
 l - a +0 helmet (worn)
Wands
 j - a wand of flame (22)
 w - a wand of mindburst (10)
Scrolls
 b - a scroll of butterflies
 e - 5 scrolls of teleportation
 i - 2 scrolls of fog
 n - 2 scrolls of enchant weapon
 o - a scroll of silence
 p - a scroll of poison {unknown}
 r - a scroll of amnesia {unknown}
 t - a scroll of acquirement {unknown}
 x - a scroll of vulnerability
Potions
 c - a potion of enlightenment
 f - 6 potions of curing {unknown}
 g - 2 potions of attraction
 h - a potion of lignification
 m - a potion of heal wounds
 q - 2 potions of might {unknown}
 u - 3 potions of berserk rage {unknown}
 v - a potion of ambrosia
 z - a potion of mutation


   Skills:
 + Level 6.5 Fighting
 + Level 12.0 Ranged Weapons
 - Level 2.0 Armour
 - Level 2.1 Dodging
 - Level 0.8 Stealth


You had 8 spell levels left.
You didn't know any spells.
Your spell library contained the following spells:

 Spells                   Type           Power      Damage    Failure   Level
 Foxfire                  Conj/Fire      0%         2x1d4     34%         1
 Slow                     Hex            0%         N/A       34%         1
 Lesser Beckoning         Tloc           0%         N/A       47%         2
 Confusing Touch          Hex            0%         N/A       71%         3
 Gell's Gravitas          Tloc           0%         N/A       71%         3
 Teleport Other           Tloc           0%         N/A       71%         3
 Vampiric Draining        Necr           0%         2d6       71%         3
 Vhi's Electric Charge    Tloc/Air       0%         N/A       71%         3
 Arcjolt                  Conj/Air       0%         1d10      100%        5
 Plasma Beam              Fire/Air       0%         2x1d10    100%        6
 Starburst                Conj/Fire      0%         6d3       100%        6
 Maxwell's Capacitive Co  Air            0%         ∞         100%        8


Dungeon Overview and Level Annotations

Branches:
Dungeon (8/15)             Temple (1/1) D:4
   Lair: D:8-11

Altars:
Ashenzari
Cheibriados
Dithmenos
Elyvilon
Fedhas
Gozag
Hepliaklqana
Kikubaaqudgha
Makhleb
Nemelex Xobeh
Okawaru
Ru
Sif Muna
Trog
Uskayaw
Vehumet
Wu Jian
Xom
Yredelemnul
Zin
The Shining One

Shops:
D:1 [=   D:6 :


Innate Abilities, Weirdness & Mutations

Your life essence is reduced to manifest your ancestor. (-10% HP)
You are amphibious.
You cover ground slowly.
You can hop short distances.
You have an extended range of vision and can be seen from far away.


Message History

You feel as though you will be slow longer.
The hornet closely misses you. The kobold attacks as you move away!
The kobold misses you. The hornet attacks as you move away!
The hornet barely misses you. The kobold attacks as you move away!
The kobold misses you.
Tlaloc casts a spell at the hornet.
The hornet resists with some effort.
The hornet stings you.
* * * LOW HITPOINT WARNING * * *
You feel as though you will be slow longer.
The kobold hits you but does no damage. The hornet attacks as you move away!
The hornet closely misses you. x2
Tlaloc points at the hornet and mumbles some strange words.
The hornet resists with some effort.
The hornet barely misses you.
Tlaloc barely misses the kobold.
Unknown command.
Fire: A) +0 orcbow
Press: ? - help, Q - select action, (/) - cycle Shift-Dir - straight line, f/p - hornet
Aim: a hornet (moderately wounded, ally target, 53% to hit)
You shoot an arrow. The arrow closely misses the hornet.
The arrow hits the kobold.
The kobold is heavily wounded.
The hornet stings you!
* * * LOW HITPOINT WARNING * * *
You feel as though you will be slow longer.
Tlaloc casts a spell at the hornet.
The kobold appears confused.
The kobold barely misses Tlaloc.
The hornet closely misses you.
Tlaloc casts a spell at the hornet.
The kobold seems to slow down.
Unknown command.
Fire: A) +0 orcbow
Press: ? - help, Q - select action, (/) - cycle Shift-Dir - straight line, f/p - hornet
Aim: a hornet (moderately wounded, ally target, 53% to hit)
You shoot an arrow. The arrow hits the hornet!
The hornet is severely wounded.
The hornet stings you but does no damage.
Tlaloc hits the kobold with a +0 dagger of draining.
The kobold dies!
The hornet stings you!
You die...

.##.....#.# .........
#..........# ##.........
.....)...#.###..........
...............#........
..............)...###..#
......[........)#....>##
.........#.####)........
........##.####...###...
.##.###..#@#..(.### #.
##.#y#.#### #..)K.#
###.R.##
(###.....#####..#
<................
.###..##.#....#### #..#
#.#.#.## >... ........


You could see the friendly Tlaloc the hexer, a hornet (ally target) and a kobold
(slow).

Vanquished Creatures
  An orc warrior (D:7)
  Duvessa (D:4)
  A black bear (D:6)
  An ice beast (D:6)
  An ogre (D:6)
  4 centaurs
  3 phantoms
  A gnoll sergeant (D:8)
  Dowan (D:4)
  2 howler monkeys
  2 gnoll boudas
  5 hounds
  An iguana (D:5)
  6 orc wizards
  Natasha (thrice) (D:4)
  Robin (D:2)
  10 gnolls
  9 adders
  2 worms
  4 dart slugs
  21 orcs
  2 endoplasms
  5 giant cockroaches
  23 goblins
  14 hobgoblins
  6 jackals
  5 kobolds
  3 quokkas
  6 ball pythons
  3 bats
  4 frilled lizards
  5 rats
156 creatures vanquished.

Vanquished Creatures (collateral kills)
  A steam dragon (D:8)
  A centaur (D:7)
  A kobold brigand (D:8)
  A bullfrog (D:7)
  A scorpion (D:5)
  A howler monkey (D:7)
  A hound (D:5)
  An iguana (D:5)
  2 sleepcaps (D:6)
  3 gnolls (D:8)
  A kobold (D:8)
14 creatures vanquished.

Vanquished Creatures (others)
  A hexer (D:7)
  3 ancestors
4 creatures vanquished.

Grand Total: 174 creatures vanquished

Notes
Turn   | Place    | Note
-------+----------+-------------------------------------------
     0 | D:1      | mandarbmax the Barachi Hunter began the quest for the Orb.
     0 | D:1      | Reached XP level 1. HP: 17/17 MP: 1/1
   124 | D:1      | Found Leruudd's Armour Boutique.
   144 | D:1      | Reached XP level 2. HP: 19/23 MP: 2/2
   199 | D:1      | Found Fuvud's Jewellery Boutique.
   459 | D:1      | Reached XP level 3. HP: 23/28 MP: 3/3
   530 | D:1      | Reached skill level 5 in Ranged Weapons
   810 | D:2      | Identified the +1 ring mail "Wielejaz" {rElec rC- Stlth+}
   954 | D:2      | Noticed Robin
  1088 | D:2      | Reached XP level 4. HP: 34/34 MP: 4/4
  1100 | D:2      | Killed Robin
  1339 | D:2      | Reached skill level 6 in Ranged Weapons
  1843 | D:3      | Reached XP level 5. HP: 36/39 MP: 5/5
  2206 | D:3      | Found a faded altar of an unknown god.
  2656 | D:3      | Reached skill level 7 in Ranged Weapons
  2688 | D:4      | Reached XP level 6. HP: 42/46 MP: 6/6
  2709 | D:4      | Noticed Natasha
  2713 | D:4      | Killed Natasha
  2926 | D:4      | Noticed Natasha
  2932 | D:4      | Killed Natasha
  3139 | D:4      | Noticed Natasha
  3157 | D:4      | Killed Natasha
  3217 | D:4      | Found a staircase to the Ecumenical Temple.
  3231 | Temple   | Entered the Ecumenical Temple
  3258 | Temple   | Became a worshipper of Hepliaklqana the Forgotten
  3423 | D:4      | Noticed Duvessa
  3427 | D:4      | Noticed Dowan
  3433 | D:4      | Killed Duvessa
  3434 | D:4      | Reached skill level 8 in Ranged Weapons
  3434 | D:4      | Reached XP level 7. HP: 39/51 MP: 7/7
  3445 | D:4      | Killed Dowan
  3623 | D:5      | Entered Level 5 of the Dungeon
  4138 | D:5      | Reached skill level 9 in Ranged Weapons
  4258 | D:5      | Reached * piety under Hepliaklqana
  4435 | D:5      | Reached XP level 8. HP: 51/51 MP: 8/8
  4618 | D:5      | Reached skill level 10 in Ranged Weapons
  5431 | D:6      | Reached skill level 11 in Ranged Weapons
  5489 | D:6      | Found Secoekle's Book Shoppe.
  5670 | D:6      | Reached ** piety under Hepliaklqana
  5671 | D:6      | Remembered your ancestor Tlaloc as a hexer
  5705 | D:6      | Reached skill level 1 in Armour
  6145 | D:7      | Reached XP level 9. HP: 50/58 MP: 9/9
  6478 | D:7      | Reached skill level 5 in Fighting
  7168 | D:8      | Reached skill level 12 in Ranged Weapons
  7279 | D:8      | Noticed a hornet
  7285 | D:8      | Paralysed by a hornet for 2 turns
  7296 | D:8      | Slain by a hornet

Illustrated notes

Levels and vault maps discovered:
D:1:      matt_arrival_diagonals, layout_loops_ring, serial_shops,
          nicolae_shop_getting_attention, shop
D:2:      layout_loops_corners, minmay_misc_feat_rows, grunt_ministairs_6,
          uniq_robin
D:3:      corexii_shack_village, layout_loops_ring,
          shapermc_ecumenical_altar_pompeii
D:4:      layout_basic, minmay_temple_entry_drinking_statues,
          nrook_mini_backslash, uniq_natasha, uniq_duvessa
D:5:      layout_layer_cave
D:6:      layout_gridville, serial_shops, shop_fountains,
          minmay_misc_feat_ornament
D:7:      hellmonk_ruined_rings, layout_basic
D:8:      layout_rooms
Temple:   regret_index_temple_sigil_plot

Skill      XL: |  1  2  3  4  5  6  7  8  9 |
---------------+----------------------------+-----
Ranged Weapons | 5 6 7 8 9 11 12 | 12.0
Armour         | 2 |  2.0
Fighting       | 4 6 |  6.5
Dodging        | |  2.1
Stealth        | |  0.8

Action                     |  1- 3 |  4- 6 |  7- 9 || total
---------------------------+-------+-------+-------++-------
   Fire: Shortbow          |   115 |   243 |   258 ||   616
         Orcbow            |       |       |    15 ||    15
 Invoke: Ancestor Life: He |       |       |     1 ||     1
Ability: Hop               |       |       |     1 ||     1
  Evoke: Wand              |       |       |     3 ||     3
    Use: Scroll            |     1 |     7 |     5 ||    13
 Armour: Leather armour    |     8 |       |       ||     8
         Ring mail         |    21 |    48 |    33 ||   102
         Steam dragon scal |       |       |     9 ||     9
  Dodge: Dodged            |    41 |    69 |    78 ||   188

Table legend: (Time is in decaauts)
 A = Elapsed time spent in this place.
 B = Non-inter-level travel time spent in this place.
 C = Inter-level travel time spent in this place.
 D = Time resting spent in this place.
 E = Time spent auto-exploring this place.
 F = Levels seen in this place.
 G = Mean time per level.
                   A        B        C        D        E       F      G
               +--------+--------+--------+--------+--------+-----+--------+
         Total |   8396 |   8042 |    354 |    268 |   6650 |   9 |  932.9 |
       Dungeon |   8338 |   8035 |    303 |    268 |   6650 |   8 | 1042.2 |
        Temple |     58 |      7 |     51 |      0 |      0 |   1 |   58.0 |
               +--------+--------+--------+--------+--------+-----+--------+

Top non-repeatable levels by time:
     D:5: 1805 daAuts
     D:7: 1192 daAuts
     D:2: 1122 daAuts
     D:3: 1076 daAuts
     D:4: 1046 daAuts
     D:6: 975 daAuts
     D:1: 948 daAuts
     D:8: 170 daAuts
  Temple: 58 daAuts
